 Dungeon Crawl Stone Soup version 0.28.0-53-g5a82cb258f (webtiles) character file.

Game seed: 9255444706608712313

114 Zeld the Conjurer (level 4, 0/24 HPs)
             Began as a Deep Elf Conjurer on May 24, 2022.
             Slain by a ball python (1 damage)
             ... on level 4 of the Dungeon.
             The game lasted 00:03:30 (4071 turns).

Zeld the Conjurer (Deep Elf Conjurer)               Turns: 4071, Time: 00:03:30

Health: 0/24       AC:  3    Str:  4    XL:     4   Next: 66%
Magic:  12/12      EV: 13    Int: 25    God:
Gold:   140        SH:  0    Dex: 13    Spells: 0/11 levels left

rFire   . . .      SeeInvis .   a - +0 dagger (venom)
rCold   . . .      Faith    .   (no shield)
rNeg    . . .      Spirit   .   g - +0 robe
rPois   .          Reflect  .   (no helmet)
rElec   .          Harm     .   (no cloak)
rCorr   .          Rampage  .   (no gloves)
Will    .....                   l - +0 pair of boots
Stlth   ++........              (no amulet)
HPRegen 0.08/turn               (no ring)
MPRegen 0.13/turn               (no ring)

@: no status effects
A: no striking features
a: no special abilities


You were on level 4 of the Dungeon.
You visited 1 branch of the dungeon, and saw 4 of its levels.

You collected 140 gold pieces.

Inventory:

Hand Weapons
 a - a +0 dagger of venom (weapon)
Armour
 g - a +0 robe (worn)
 l - a +0 pair of boots (worn)
Scrolls
 b - 4 scrolls of identify {unknown}
 d - a scroll of silence {unknown}
 e - 2 scrolls of fog {unknown}
 i - a scroll of acquirement {unknown}
 k - a scroll of vulnerability {unknown}
 n - 2 scrolls of teleportation {unknown}
Potions
 c - a potion of attraction {unknown}
 f - a potion of berserk rage {unknown}
 h - a potion of flight {unknown}
 j - a potion of resistance {unknown}
 m - a potion of lignification {unknown}
 o - a potion of haste {unknown}


   Skills:
 + Level 3.1 Dodging
 - Level 2.4 Stealth
 * Level 4.3 Spellcasting
 * Level 5.2 Conjurations
 - Level 2.0 Hexes
 + Level 1.4 Translocations


You couldn't memorise any spells.
You knew the following spells:

 Your Spells              Type           Power      Damage    Failure   Level
a - Magic Dart            Conj           100%       1d8       1%          1
b - Searing Ray           Conj           62%        2d6       1%          2
c - Fulminant Prism       Conj/Hex       11%        3d9       21%         4
d - Iskenderun's Mystic   Conj/Tloc      22%        2d6       22%         4

Your spell library contained the following spells:

 Spells                   Type           Power      Damage    Failure   Level
 Apportation              Tloc           24%        N/A       4%          1
 Dazzling Flash           Conj/Hex       46%        N/A       6%          3
 Animate Skeleton         Necr           10%        N/A       9%          1
 Summon Small Mammal      Summ           20%        N/A       9%          1
 Ensorcelled Hibernation  Hex/Ice        20%        N/A       9%          2
 Passwall                 Tmut/Erth      4%         N/A       14%         2
 Swiftness                Air            5%         N/A       26%         3


Dungeon Overview and Level Annotations

Branches:
Dungeon (4/15)             Temple (0/1) D:4

Altars:
Elyvilon
Uskayaw


Message History

A hobgoblin comes into view.
A hobgoblin is nearby!
A hobgoblin is nearby!
Found 13 gold pieces.
The hobgoblin shouts!
You hear an angry hiss.
A ball python comes into view.
The hobgoblin hits you but does no damage.
You hit the hobgoblin.
The hobgoblin is poisoned.
The hobgoblin is heavily wounded.
The hobgoblin hits you.
You hit the hobgoblin.
You kill the hobgoblin!
An ogre comes into view. It is wielding a +0 giant club.
Found a staircase to the Ecumenical Temple.
Things that are here:
a +0 hunting sling; a metallic golden potion; a scroll labelled PAICSU JESTRU The ball python bites you.
The ball python closely misses you.
You barely miss the ball python. The ball python bites you.
The ball python closely misses you. The ball python completely misses you.
The ball python grabs you. The ball python constricts you.
You closely miss the ball python. The ball python barely misses you.
The ball python constricts you.
You closely miss the ball python. The ball python bites you.
The ball python constricts you.
The ogre hits you with a +0 giant club!!
Ouch! That really hurt!
* * * LOW HITPOINT WARNING * * *
You escape the ball python's grasp.
Things that are here:
a +0 hunting sling; a metallic golden potion; a scroll labelled PAICSU JESTRU The ball python closely misses you.
The ball python barely misses you. The ball python bites you.
* * * LOW HITPOINT WARNING * * *
The ball python grabs you. The ball python constricts you.
* * * LOW HITPOINT WARNING * * *
You escape the ball python's grasp.
There is a stone staircase leading up here.
The ball python bites you but does no damage.
The ball python barely misses you. The ball python bites you.
You die...

$.........#
..........#
.........##
.........###
....(......###
.............##
..##..........###
## #.........O..#
##.........S@#
##.....†....#
##......)..#
#.........#
##.......##
##......#
#.....## ##.#..#
##.###


You could see an ogre and a ball python.

Vanquished Creatures
  A centaur skeleton (D:4)
  A howler monkey zombie (D:3)
  An adder (D:2)
  2 worms (D:2)
  3 dart slugs
  5 orcs
  2 bats
  4 endoplasms
  A giant cockroach (D:1)
  3 hobgoblins
  3 jackals (D:1)
  5 kobolds
  2 quokkas
  4 ball pythons
  A frilled lizard (D:1)
  4 goblins
  7 rats
49 creatures vanquished.

Notes
Turn   | Place    | Note
-------+----------+-------------------------------------------
     0 | D:1      | Zeld the Deep Elf Conjurer began the quest for the Orb.
     0 | D:1      | Reached XP level 1. HP: 10/10 MP: 6/6
   472 | D:1      | Reached XP level 2. HP: 15/15 MP: 5/8
   546 | D:1      | Found a faded altar of an unknown god.
   693 | D:1      | Reached skill level 1 in Hexes
  1386 | D:2      | Reached XP level 3. HP: 7/19 MP: 7/10
  1591 | D:2      | Learned a level 2 spell: Searing Ray
  2707 | D:3      | Found a white marble altar of Elyvilon.
  3084 | D:3      | Reached skill level 1 in Translocations
  3089 | D:3      | Reached skill level 5 in Conjurations
  3136 | D:3      | Reached XP level 4. HP: 19/24 MP: 4/12
  3141 | D:3      | Learned a level 4 spell: Fulminant Prism
  3146 | D:3      | Learned a level 4 spell: Iskenderun's Mystic Blast
  3564 | D:3      | Found a hide-covered altar of Uskayaw.
  4048 | D:4      | Noticed an ogre
  4049 | D:4      | Found a staircase to the Ecumenical Temple.
  4065 | D:4      | HP: 1/24 [constriction (1)]
  4071 | D:4      | Slain by a ball python

Illustrated notes

Levels and vault maps discovered:
D:1:      lightli_arrival_maybe_door_vault, layout_loops_corners,
          basic_ecumenical_altar, minmay_pentomino_q2
D:2:      layout_rooms
D:3:      layout_basic, elyvilon_altar_1, nicolae_uskayaw_suspiria
D:4:      layout_cave_pods, nicolae_sif_muna_condensation,
          minmay_temple_entry_statues_pillars

Skill      XL: |  1  2  3  4 |
---------------+-------------+-----
Hexes          | 1 2 |  2.0
Translocations | 1 |  1.4
Conjurations   | 5 |  5.2
Dodging        | 3 |  3.1
Spellcasting   | 4 |  4.3
Stealth        | |  2.4

Action                   |  1- 3 |  4- 6 || total
-------------------------+-------+-------++-------
Melee: Unarmed           |    28 |       ||    28
       Dagger            |    33 |    19 ||    52
 Cast: Magic Dart        |    53 |     5 ||    58
       Searing Ray       |     6 |     1 ||     7
 Stab: Sleeping          |     4 |     3 ||     7
Armor: Robe              |    16 |     7 ||    23
Dodge: Dodged            |    42 |    25 ||    67
